Unix NetHack Version 5.0.0-0 post-release - last build May 10 2026 23:12:36 (d1fa5d53e341ca933230fdaa984d921c805b60aa,branch:main).

Game began 2026-05-12 05:09:13, ended 2026-05-12 17:10:20.

Ackbladder, neutral female gnomish Wizard

      ------------                                 -------
      |.........)[#%%##                            |.....|
      |..........|  ##                             |.....+
      |.........)|   #                             |.....|
      |..........|                                 |..[..|
      |..........|                                 |.....|
      |........<.|                                #---.---
      ------------                                ########
                                                    #
                                                    q
                                                    @
                                                    #
                                                    #
                                                    #
                                                    .
                                                   |.
                                                   +.
                                                   |.
                                                   ---

Ackbladder the Thaumaturge  St:13 Dx:15 Co:13 In:19 Wi:9 Ch:11  Neutral
Dlvl:7  $:255 HP:0(41) Pw:11(59) AC:9  Xp:6 T:3821  Hungry   Burdened

Latest messages:
 The Uruk-hai zaps a glass wand!
 You materialize in a different location!
 The straw golem hits!
 The straw golem hits again!
 You hit the straw golem.
 The straw golem hits!
 The straw golem hits again!
 You miss the straw golem.
 The straw golem hits!
 The straw golem hits again!
 The straw golem hits!
 The straw golem hits again!
 The straw golem hits!
 The straw golem hits again!
 The straw golem hits!
 The straw golem hits again!
 In what direction? .
 You feel better.
 The straw golem hits!
 The straw golem hits again!
 The magic-absorbing blade scares the straw golem!
 The straw golem turns to flee.
 You feel more confident in your weapon skills.
 (Tip: use the #enhance command to advance them.)
 The straw golem hits!
 The straw golem hits again!
 You are now more skilled in dagger.
 You destroy the straw golem!
 The rothe hits!
 The rothe bites!
 The rothe bites again!
 You hit the rothe.
 The rothe hits!
 The rothe bites!
 The rothe bites again!
 In what direction? .
 You feel better.
 The rothe hits!
 The rothe bites!
 The rothe bites again!
 You hit the rothe.
 The rothe hits!
 The rothe bites!
 The rothe bites again!
 You are beginning to feel hungry.
 The rothe hits!
 The rothe bites!
 You die...
 Do you want your possessions identified? [ynq] (y) y
 Do you want to see your attributes? [ynq] (y) q

Inventory:
 Coins    ('$')
  $ - 255 gold pieces
 Weapons  (')')
  P - a +1 dagger
  w - the rustproof +0 Magicbane (weapon in right hand)
  a - a blessed +1 quarterstaff
 Armor    ('[')
  F - a cursed -3 pair of gauntlets of fumbling
  v - a cursed -3 alchemy smock with text "If you don't like the food, I'll stab you"
  N - an uncursed +0 cloak of displacement
  b - an uncursed +0 cloak of magic resistance (being worn)
 Comestibles  ('%')
  O - 2 uncursed carrots
  z - 2 uncursed food rations
 Scrolls  ('?')
  I - an uncursed scroll of amnesia
  B - an uncursed scroll of blank paper
  J - an uncursed scroll of confuse monster
  q - a cursed scroll of destroy armor
  M - a blessed scroll of enchant armor
  T - a cursed scroll of enchant armor
  A - an uncursed scroll of gold detection
  k - 2 uncursed scrolls of identify
  j - 3 uncursed scrolls of scare monster
  i - an uncursed scroll of stinking cloud
  s - a cursed scroll of teleportation
 Spellbooks  ('+')
  l - a blessed spellbook of force bolt
  o - an uncursed spellbook of healing
  L - an uncursed spellbook of levitation
  m - an uncursed spellbook of sleep
 Potions  ('!')
  Q - an uncursed potion of extra healing
  r - a blessed potion of gain ability
  g - 5 uncursed potions of healing
  G - an uncursed potion of paralysis
  h - 3 uncursed potions of water
 Rings    ('=')
  d - an uncursed ring of protection from shape changers
  e - an uncursed ring of stealth (on right hand)
  p - an uncursed ring of teleport control
 Wands    ('/')
  c - a wand of light (0:11)
  S - a wand of striking (0:3)
 Tools    ('(')
  C - a cursed magic lamp (lit)
  n - a magic marker (0:20)
  H - an uncursed oil lamp
  u - an uncursed skeleton key
  x - a cursed tallow candle
  E - an uncursed towel
 Gems/Stones  ('*')
  y - a cursed amber stone
  t - 2 cursed worthless pieces of red glass
  R - an uncursed worthless piece of yellow glass

Ackbladder the Wizard's attributes:

Background:
 You were a Thaumaturge, a level 6 female gnomish Wizard.
 You were neutral, on a mission for Thoth
 who was opposed by Ptah (lawful) and Anhur (chaotic).
 You were right-handed.
 You were in the Dungeons of Doom, on level 7.
 You entered the dungeon 3821 turns ago.
 You had 423 experience points, 217 more were needed to attain level 7.

Basics:
 You had 0 out of 41 hit points.
 You had 11 out of 59 energy points (spell power).
 Your armor class was 9.
 Your wallet contained 255 zorkmids.
 Autopickup was off.

Final Characteristics:
 Your strength was 13 (limit:18/50).
 Your dexterity was 15 (limit:18).
 Your constitution was 13 (limit:18).
 Your intelligence was 19 (limit:19).
 Your wisdom was 9 (limit:18).
 Your charisma was 11 (limit:18).

Final Status:
 You were hungry.
 You were burdened; movement was slightly slowed.
 You were wielding a dagger.
 You had basic skill with dagger.

Final Attributes:
 You were piously aligned.
 You were magic-protected.
 You had infravision.
 You were stealthy.
 You were warded.
 You are dead.

Miscellaneous:
 You didn't encounter any bones levels.
 Total elapsed playing time was 21 minutes and 56 seconds.

Major events:
 Turn
    1: Ackbladder the neutral female gnomish Wizard entered the dungeon
  654: entered the Gnomish Mines
 1068: attained the rank of Conjurer (level 3)
 3538: was bestowed with Magicbane by Thoth
 3574: attained the rank of Thaumaturge (level 6)
 3821: killed by a rothe

Spells:
 Name                 Level Category     Fail Retention
 force bolt             1   attack         0%   81%-90%
 sleep                  3   enchantment    0%   81%-90%
 healing                1   healing        0%  76%-100%
 levitation             4   escape        96%  76%-100%

Skills:
 Fighting Skills
   bare handed combat [Unskilled]
   riding             [Unskilled]
 Weapon Skills
   dagger             [Basic]
   knife              [Unskilled]
   axe                [Unskilled]
   short sword        [Unskilled]
   club               [Unskilled]
   mace               [Unskilled]
   quarterstaff       [Basic]
   polearms           [Unskilled]
   spear              [Unskilled]
   trident            [Unskilled]
   sling              [Unskilled]
   dart               [Unskilled]
   shuriken           [Unskilled]
 Spellcasting Skills
   attack spells      [Basic]
   healing spells     [Unskilled]
   divination spells  [Unskilled]
   enchantment spells [Basic]
   clerical spells    [Unskilled]
   escape spells      [Unskilled]
   matter spells      [Unskilled]

Voluntary challenges:
 Character rerolling was not enabled.
 You never genocided any monsters.
 You never polymorphed an object.
 You used no wishes.
Achievements:
 You entered the Gnomish Mines.
 You entered a shop.
 You attained the rank of Conjurer.
 You attained the rank of Thaumaturge.

 The Dungeons of Doom: levels 1 to 7
    Level 1:
    Level 2:
       A fountain, a grave.
    Level 3:
       A general store, some fountains.
       Stairs down to The Gnomish Mines.
    Level 4:
       A scroll shop, an altar to Thoth, a fountain.
    Level 5:
    Level 6:
       A fountain.
    Level 7: <- You were here.
       Final resting place for
          you, killed by a rothe.
 The Gnomish Mines:
    Level 4:


Vanquished creatures:
  a leprechaun
 an imp
  6 Uruk-hai
  2 rock piercers
  a rock mole
  2 ponies
  2 shriekers
  2 ghouls
  a straw golem
  a little dog
  a floating eye
  a kitten
  a dwarf
  a homunculus
  a kobold shaman
  a hill orc
  3 dwarf zombies
  a wererat
  a hobbit
  a hobgoblin
  5 giant rats
  2 yellow molds
  2 green molds
  a garter snake
  a gecko
 12 jackals
  a fox
  2 kobolds
  4 goblins
  5 grid bugs
  2 lichens
  2 kobold zombies
  6 newts
76 creatures vanquished.

No species were genocided or became extinct.

Game over:
                       ----------
                      /          \
                     /    REST    \
                    /      IN      \
                   /     PEACE      \
                  /                  \
                  |    Ackbladder    |
                  |      255 Au      |
                  |   killed by a    |
                  |      rothe       |
                  |                  |
                  |                  |
                  |       2026       |
                 *|     *  *  *      | *
        _________)/\\_//(\/(/\)/\//\/|_)_______

Goodbye Ackbladder the Wizard...

You died in The Dungeons of Doom on dungeon level 7 with 2222 points,
and 255 pieces of gold, after 3821 moves.
You were level 6 with a maximum of 41 hit points when you died.

